2027 views
Uploaded 2023-02-12 03:40:36
Game version 1.35 (6115)
36:11 long 2on2 ladder game on (4)hillsbradcreek s3
Saved by GIGA
2027 views
Uploaded 2023-02-12 03:40:36
Game version 1.35 (6115)
36:11 long 2on2 ladder game on (4)hillsbradcreek s3


93 units @ 11.3k
/ 1.3k
56 buildings @ 9.7k
/ 5.1k


| Orb of Lightning | 1 | 375 |
| Potion of Mana | 2 | 400 |
| Healing Salve | 1 | 100 |
| Scroll of Town Portal | 2 | 700 |
| Orb of Venom | 1 | 325 |
| total: | 7 | 1900g |
| Peon | 19 | 1425 | / | 0 |
| Troll Headhunter | 6 | 840 | / | 120 |
| Shaman | 6 | 780 | / | 120 |
| Troll Berserker | 10 | 1400 | / | 200 |
| Demolisher | 3 | 660 | / | 150 |
| total: | 44 | 5105g | / | 590w |
| Watch Tower | 15 | 1650 | / | 1200 |
| Altar of Storms | 1 | 180 | / | 50 |
| Orc Burrow | 6 | 960 | / | 240 |
| War Mill | 1 | 205 | / | 0 |
| Barracks | 2 | 360 | / | 100 |
| Voodoo Lounge | 1 | 130 | / | 30 |
| Great Hall | 4 | 1540 | / | 740 |
| Spirit Lodge | 1 | 150 | / | 150 |
| Beastiary | 1 | 145 | / | 140 |
| Stronghold | 3 | 945 | / | 570 |
| Fortress | 2 | 650 | / | 380 |
| total: | 32 | 5320g | / | 2650w |
| 0:06 | Altar of Storms |
| 0:07 | Peon |
| 0:10 | Peon |
| 0:24 | Orc Burrow |
| 0:28 | Peon |
| 0:40 | Peon |
| 0:55 | War Mill |
| 0:58 | Peon |
| 1:10 | Barracks |
| 1:12 | Peon |
| 1:24 | Peon |
| 1:33 | Peon |
| 1:43 | Peon |
| 2:11 | Troll Headhunter |
| 2:11 | Troll Headhunter |
| 2:20 | Feral Spirit |
| 2:47 | Stronghold |
| 2:58 | Orc Burrow |
| 3:27 | Watch Tower |
| 4:11 | Voodoo Lounge |
| 4:15 | Troll Headhunter |
| 4:18 | Chain Lighting |
| 4:45 | Troll Headhunter |
| 4:57 | Orc Burrow |
| 5:17 | Fortress |
| 5:24 | Spirit Lodge |
| 5:37 | Troll Regeneration |
| 6:21 | Healing Wave |
| 6:26 | Troll Headhunter |
| 6:55 | Watch Tower |
| 6:57 | Feral Spirit |
| 6:59 | Shaman Adept Training |
| 7:02 | Troll Headhunter |
| 7:14 | Great Hall |
| 7:38 | Orb of Lightning |
| 7:45 | Berserker Upgrade |
| 8:24 | Hex |
| 8:36 | Shaman Master Training |
| 8:37 | Shaman |
| 8:38 | Troll Berserker |
| 8:45 | Orc Burrow |
| 8:55 | Potion of Mana |
| 9:00 | Healing Salve |
| 9:06 | Potion of Mana |
| 9:35 | Troll Berserker |
| 9:40 | Steel Ranged Weapons |
| 10:49 | Watch Tower |
| 10:50 | Peon |
| 10:50 | Peon |
| 10:50 | Peon |
| 10:51 | Peon |
| 11:00 | Troll Berserker |
| 11:03 | Steel Armor |
| 11:06 | Shaman |
| 11:11 | Shaman |
| 11:17 | Watch Tower |
| 11:33 | Troll Berserker |
| 11:34 | Troll Berserker |
| 12:09 | Watch Tower |
| 12:17 | Shaman |
| 12:18 | Troll Berserker |
| 12:50 | Orc Burrow |
| 12:53 | Thorium Armor |
| 13:50 | Thorium Ranged Weapons |
| 13:53 | Troll Berserker |
| 13:54 | Troll Berserker |
| 13:57 | Shaman |
| 14:32 | Healing Wave |
| 14:47 | Beastiary |
| 15:03 | Barracks |
| 15:04 | Burning Oil |
| 15:05 | Demolisher |
| 15:07 | Demolisher |
| 15:31 | Orc Burrow |
| 15:33 | Demolisher |
| 15:42 | Peon |
| 15:43 | Peon |
| 15:56 | Chain Lighting |
| 17:25 | Great Hall |
| 18:26 | Scroll of Town Portal |
| 19:12 | Watch Tower |
| 19:42 | Troll Berserker |
| 19:42 | Troll Berserker |
| 20:15 | Stronghold |
| 20:19 | Watch Tower |
| 20:22 | Watch Tower |
| 20:25 | Watch Tower |
| 20:34 | Watch Tower |
| 20:39 | Watch Tower |
| 21:36 | Great Hall |
| 23:24 | Great Hall |
| 24:10 | Stronghold |
| 24:36 | Scroll of Town Portal |
| 24:52 | Orb of Venom |
| 26:33 | Fortress |
| 27:57 | Peon |
| 27:57 | Peon |
| 27:57 | Peon |
| 27:57 | Peon |
| 28:03 | Watch Tower |
| 28:05 | Reinforced Defenses |
| 29:24 | Arcanite Ranged Weapons |
| 29:25 | Arcanite Armor |
| 29:28 | Shaman |
| 29:41 | Watch Tower |
| 29:50 | Watch Tower |
| 31:35 | Watch Tower |
| Right click | 513 |
| Select group | 483 |
| Select | 371 |
| Misc. action | 156 |
| Build/train/purchase | 122 |
| Assign group | 72 |
| Use ability | 25 |
| Resource trade | 5 |
| Remove unit | 4 |
| Minimap ping | 4 |
| Item give/drop | 2 |


| Orb of Venom | 1 | 325 |
| total: | 1 | 325g |
| Wisp | 25 | 1500 | / | 0 |
| Archer | 5 | 650 | / | 50 |
| Chimaera | 5 | 1650 | / | 350 |
| Hippogryph | 12 | 1920 | / | 240 |
| Forest Troll Berserker | 1 | 245 | / | 30 |
| Forest Troll Shadow Priest | 1 | 195 | / | 10 |
| total: | 49 | 6160g | / | 680w |
| Altar of Elders | 1 | 180 | / | 50 |
| Moon Well | 8 | 1440 | / | 320 |
| Ancient of War | 2 | 300 | / | 120 |
| Hunter's Hall | 1 | 210 | / | 100 |
| Tree of Life | 3 | 1020 | / | 555 |
| Ancient of Wonders | 1 | 90 | / | 30 |
| Ancient of Wind | 5 | 750 | / | 700 |
| Chimaera Roost | 3 | 420 | / | 570 |
| Tree of Ages | 1 | 320 | / | 180 |
| Tree of Eternity | 1 | 330 | / | 200 |
| total: | 24 | 4410g | / | 2445w |
| 0:04 | Altar of Elders |
| 0:05 | Wisp |
| 0:05 | Wisp |
| 0:23 | Moon Well |
| 0:25 | Wisp |
| 0:33 | Ancient of War |
| 0:47 | Wisp |
| 0:55 | Wisp |
| 0:56 | Wisp |
| 1:26 | Wisp |
| 1:28 | Wisp |
| 1:34 | Archer |
| 1:37 | Archer |
| 1:43 | Moon Well |
| 1:47 | Archer |
| 2:13 | Immolation |
| 2:16 | Wisp |
| 2:33 | Wisp |
| 2:35 | Archer |
| 2:53 | Tree of Ages |
| 3:36 | Moon Well |
| 3:40 | Ancient of War |
| 4:22 | Evasion |
| 4:48 | Archer |
| 4:51 | Moon Well |
| 5:30 | Wisp |
| 5:30 | Wisp |
| 5:34 | Hunter's Hall |
| 5:58 | Immolation |
| 6:06 | Tree of Life |
| 6:15 | Tree of Eternity |
| 6:24 | Searing Arrows |
| 6:41 | Strength of the Wild |
| 6:42 | Reinforced Hides |
| 7:22 | Moon Well |
| 7:42 | Forest Troll Berserker |
| 7:42 | Forest Troll Shadow Priest |
| 8:02 | Trueshot Aura |
| 8:17 | Ancient of Wonders |
| 8:38 | Chimaera Roost |
| 8:43 | Chimaera Roost |
| 8:46 | Chimaera Roost |
| 8:54 | Wisp |
| 8:55 | Wisp |
| 8:55 | Wisp |
| 8:55 | Wisp |
| 8:56 | Wisp |
| 8:59 | Wisp |
| 8:59 | Wisp |
| 8:59 | Wisp |
| 9:01 | Wisp |
| 9:04 | Improved Strength of the Wild |
| 9:31 | Evasion |
| 9:49 | Moon Well |
| 10:20 | Chimaera |
| 10:42 | Advanced Strength of the Wild |
| 11:20 | Chimaera |
| 11:48 | Trueshot Aura |
| 11:49 | Chimaera |
| 12:05 | Improved Reinforced Hides |
| 12:06 | Chimaera |
| 12:35 | Chimaera |
| 12:56 | Ancient of Wind |
| 13:18 | Corrosive Breath |
| 13:25 | Well Spring |
| 13:53 | Moon Well |
| 14:22 | Advanced Reinforced Hides |
| 17:01 | Hippogryph |
| 17:01 | Hippogryph |
| 17:01 | Hippogryph |
| 17:31 | Ultravision |
| 17:35 | Ancient of Wind |
| 17:50 | Orb of Venom |
| 18:47 | Ancient of Wind |
| 18:53 | Ancient of Wind |
| 18:58 | Ancient of Wind |
| 19:55 | Moon Well |
| 20:02 | Hippogryph |
| 20:02 | Hippogryph |
| 20:39 | Hippogryph |
| 20:39 | Hippogryph |
| 20:52 | Hippogryph |
| 20:55 | Hippogryph |
| 22:35 | Immolation |
| 22:42 | Hippogryph |
| 22:42 | Hippogryph |
| 23:15 | Tree of Life |
| 26:07 | Hippogryph |
| 26:57 | Wisp |
| 26:57 | Wisp |
| 26:58 | Wisp |
| 26:58 | Wisp |
| 27:28 | Tree of Life |
| Right click | 741 |
| Select group | 530 |
| Select | 388 |
| Chat | 247 |
| Misc. action | 151 |
| Build/train/purchase | 97 |
| Assign group | 19 |
| Minimap ping | 15 |
| Use ability | 9 |
| Item give/drop | 3 |
| Remove unit | 3 |
73 units @ 7k
/ 0.9k
97 buildings @ 7.9k
/ 3.7k
GIGA
(207)
(36:09) : 

| Scroll of Regeneration | 1 | 100 |
| total: | 1 | 100g |
| Peasant | 19 | 1425 | / | 0 |
| Footman | 4 | 540 | / | 0 |
| Forest Troll Shadow Priest | 1 | 195 | / | 10 |
| total: | 24 | 2160g | / | 10w |
| Scout Tower | 34 | 1020 | / | 680 |
| Arcane Tower | 5 | 350 | / | 250 |
| Guard Tower | 7 | 490 | / | 350 |
| Altar of Kings | 1 | 180 | / | 50 |
| Farm | 6 | 480 | / | 120 |
| Barracks | 1 | 160 | / | 60 |
| Lumber Mill | 1 | 120 | / | 0 |
| Arcane Vault | 1 | 130 | / | 30 |
| Town Hall | 3 | 1155 | / | 615 |
| Keep | 1 | 320 | / | 210 |
| Castle | 1 | 360 | / | 210 |
| total: | 47 | 3245g | / | 1555w |
| 0:04 | Peasant |
| 0:04 | Peasant |
| 0:08 | Altar of Kings |
| 0:10 | Farm |
| 0:11 | Farm |
| 0:35 | Barracks |
| 0:50 | Peasant |
| 0:50 | Peasant |
| 1:19 | Lumber Mill |
| 1:24 | Peasant |
| 1:25 | Peasant |
| 1:36 | Peasant |
| 1:40 | Footman |
| 1:54 | Footman |
| 1:57 | Scout Tower |
| 2:06 | Farm |
| 2:16 | Storm Bolt |
| 2:33 | Arcane Tower |
| 2:34 | Peasant |
| 2:34 | Peasant |
| 2:34 | Peasant |
| 2:45 | Footman |
| 2:59 | Arcane Vault |
| 3:37 | Peasant |
| 3:37 | Peasant |
| 3:39 | Improved Lumber Harvesting |
| 3:39 | Improved Masonry |
| 3:52 | Bash |
| 3:59 | Keep |
| 4:04 | Scout Tower |
| 4:31 | Arcane Tower |
| 4:52 | Scout Tower |
| 4:53 | Scout Tower |
| 4:53 | Scout Tower |
| 4:54 | Scout Tower |
| 4:57 | Scout Tower |
| 4:57 | Scout Tower |
| 4:58 | Scout Tower |
| 4:58 | Scout Tower |
| 4:59 | Scout Tower |
| 4:59 | Scout Tower |
| 5:00 | Scout Tower |
| 5:00 | Scout Tower |
| 5:01 | Scout Tower |
| 5:05 | Scroll of Regeneration |
| 5:08 | Footman |
| 6:24 | Farm |
| 6:29 | Guard Tower |
| 6:31 | Guard Tower |
| 6:33 | Scout Tower |
| 6:34 | Scout Tower |
| 6:34 | Scout Tower |
| 7:12 | Advanced Masonry |
| 7:45 | Storm Bolt |
| 8:12 | Arcane Tower |
| 8:20 | Scout Tower |
| 8:20 | Scout Tower |
| 8:21 | Scout Tower |
| 8:27 | Holy Light |
| 9:02 | Forest Troll Shadow Priest |
| 9:40 | Arcane Tower |
| 11:09 | Scout Tower |
| 11:10 | Scout Tower |
| 11:13 | Scout Tower |
| 11:16 | Scout Tower |
| 11:17 | Scout Tower |
| 11:31 | Castle |
| 12:29 | Guard Tower |
| 12:32 | Guard Tower |
| 12:35 | Scout Tower |
| 12:36 | Scout Tower |
| 12:37 | Scout Tower |
| 12:38 | Scout Tower |
| 13:27 | Guard Tower |
| 13:31 | Scout Tower |
| 13:33 | Scout Tower |
| 13:36 | Scout Tower |
| 13:37 | Scout Tower |
| 13:42 | Arcane Tower |
| 14:10 | Imbued Masonry |
| 14:29 | Guard Tower |
| 14:42 | Guard Tower |
| 18:31 | Town Hall |
| 18:43 | Town Hall |
| 21:42 | Farm |
| 22:52 | Peasant |
| 22:54 | Peasant |
| 22:57 | Farm |
| 23:31 | Peasant |
| 23:31 | Peasant |
| 23:41 | Peasant |
| 26:43 | Storm Bolt |
| 27:35 | Holy Light |
| 31:02 | Town Hall |
| 34:13 | Peasant |
| 34:13 | Peasant |
| Right click | 2632 |
| Select group | 1968 |
| Select | 426 |
| Chat | 172 |
| Build/train/purchase | 83 |
| Misc. action | 38 |
| Resource trade | 32 |
| Assign group | 28 |
| Minimap ping | 24 |
| Use ability | 21 |
| Remove unit | 2 |
| Esc | 1 |


| Orb of Fire | 1 | 325 |
| Staff of Sanctuary | 1 | 250 |
| Boots of Speed | 2 | 500 |
| total: | 4 | 1075g |
| Peasant | 21 | 1575 | / | 0 |
| Footman | 2 | 270 | / | 0 |
| Mortar Team | 2 | 360 | / | 140 |
| Flying Machine | 22 | 2200 | / | 660 |
| Dragonhawk Rider | 2 | 400 | / | 60 |
| total: | 49 | 4805g | / | 860w |
| Scout Tower | 17 | 510 | / | 340 |
| Arcane Tower | 2 | 140 | / | 100 |
| Guard Tower | 5 | 350 | / | 250 |
| Altar of Kings | 1 | 180 | / | 50 |
| Farm | 21 | 1680 | / | 420 |
| Lumber Mill | 1 | 120 | / | 0 |
| Barracks | 1 | 160 | / | 60 |
| Town Hall | 3 | 1155 | / | 615 |
| Blacksmith | 1 | 140 | / | 60 |
| Arcane Vault | 1 | 130 | / | 30 |
| Workshop | 3 | 420 | / | 420 |
| Gryphon Aviary | 1 | 140 | / | 150 |
| Keep | 1 | 320 | / | 210 |
| Castle | 1 | 360 | / | 210 |
| total: | 50 | 4635g | / | 2145w |
| 0:02 | Peasant |
| 0:05 | Peasant |
| 0:19 | Altar of Kings |
| 0:20 | Peasant |
| 0:33 | Farm |
| 0:34 | Peasant |
| 0:48 | Lumber Mill |
| 0:50 | Peasant |
| 0:51 | Peasant |
| 1:02 | Farm |
| 1:04 | Peasant |
| 1:22 | Barracks |
| 1:26 | Peasant |
| 1:44 | Scout Tower |
| 1:46 | Peasant |
| 2:11 | Footman |
| 2:12 | Arcane Tower |
| 2:13 | Farm |
| 2:14 | Peasant |
| 2:26 | Footman |
| 2:27 | Peasant |
| 2:31 | Storm Bolt |
| 3:08 | Peasant |
| 3:08 | Peasant |
| 3:15 | Peasant |
| 3:31 | Peasant |
| 3:32 | Scout Tower |
| 3:37 | Scout Tower |
| 4:00 | Town Hall |
| 4:03 | Scout Tower |
| 4:09 | Peasant |
| 4:18 | Guard Tower |
| 4:20 | Peasant |
| 4:25 | Bash |
| 4:30 | Farm |
| 5:00 | Improved Lumber Harvesting |
| 5:34 | Farm |
| 5:35 | Keep |
| 5:37 | Arcane Tower |
| 5:39 | Peasant |
| 5:39 | Peasant |
| 6:07 | Scout Tower |
| 6:10 | Scout Tower |
| 6:11 | Scout Tower |
| 6:11 | Scout Tower |
| 6:12 | Scout Tower |
| 6:13 | Scout Tower |
| 6:14 | Scout Tower |
| 6:14 | Scout Tower |
| 6:15 | Scout Tower |
| 6:53 | Improved Masonry |
| 6:57 | Guard Tower |
| 6:59 | Blacksmith |
| 7:02 | Scout Tower |
| 7:02 | Scout Tower |
| 7:03 | Scout Tower |
| 7:03 | Scout Tower |
| 7:11 | Guard Tower |
| 7:49 | Storm Bolt |
| 8:00 | Castle |
| 8:05 | Advanced Lumber Harvesting |
| 8:06 | Advanced Masonry |
| 8:09 | Guard Tower |
| 8:14 | Peasant |
| 8:14 | Peasant |
| 8:20 | Workshop |
| 8:26 | Workshop |
| 8:42 | Black Gunpowder |
| 8:47 | Workshop |
| 8:52 | Farm |
| 8:52 | Farm |
| 8:53 | Farm |
| 9:11 | Holy Light |
| 9:26 | Flak Cannons |
| 9:29 | Flare |
| 10:25 | Fragmentation Shards |
| 10:25 | Flying Machine Bombs |
| 10:27 | Mortar Team |
| 10:30 | Farm |
| 10:31 | Farm |
| 10:32 | Farm |
| 10:56 | Refined Gunpowder |
| 11:01 | Guard Tower |
| 11:41 | Flying Machine |
| 11:41 | Flying Machine |
| 11:41 | Flying Machine |
| 11:41 | Flying Machine |
| 11:42 | Flying Machine |
| 11:42 | Flying Machine |
| 11:42 | Flying Machine |
| 11:45 | Imbued Masonry |
| 12:18 | Imbued Gunpowder |
| 12:21 | Flying Machine |
| 12:22 | Flying Machine |
| 12:46 | Flying Machine |
| 12:46 | Flying Machine |
| 12:49 | Arcane Vault |
| 12:51 | Gryphon Aviary |
| 13:00 | Iron Plating |
| 13:03 | Farm |
| 13:07 | Farm |
| 13:13 | Farm |
| 13:44 | Farm |
| 13:47 | Farm |
| 13:52 | Farm |
| 13:56 | Farm |
| 14:06 | Farm |
| 14:16 | Cloud |
| 14:16 | Dragonhawk Rider |
| 14:18 | Farm |
| 14:19 | Farm |
| 14:25 | Flying Machine |
| 14:49 | Steel Plating |
| 17:10 | Flying Machine |
| 17:10 | Flying Machine |
| 17:11 | Flying Machine |
| 17:42 | Divine Shield |
| 17:43 | Divine Shield |
| 20:15 | Bash |
| 20:16 | Bash |
| 20:58 | Divine Shield |
| 20:59 | Holy Light |
| 23:05 | Flying Machine |
| 23:06 | Flying Machine |
| 23:06 | Flying Machine |
| 23:07 | Flying Machine |
| 23:07 | Flying Machine |
| 24:27 | Flying Machine |
| 24:28 | Flying Machine |
| 26:15 | Dragonhawk Rider |
| 27:52 | Divine Shield |
| 27:54 | Storm Bolt |
| 28:59 | Boots of Speed |
| 29:02 | Boots of Speed |
| 29:55 | Orb of Fire |
| 29:56 | Staff of Sanctuary |
| 30:06 | Mortar Team |
| 31:36 | Town Hall |
| 34:15 | Town Hall |
| Right click | 1463 |
| Select group | 640 |
| Select | 340 |
| Misc. action | 104 |
| Build/train/purchase | 102 |
| Use ability | 73 |
| Minimap ping | 11 |
| Assign group | 10 |
| Resource trade | 8 |
| Item give/drop | 4 |